 Dungeon Crawl Stone Soup version 0.26-a0-1164-g1a551d6a14 (webtiles) character file.

Game seed: 9467962751900849077

9 vvl the Skirmisher (level 2, 24/24 HPs)
             Began as a Demonspawn Fighter on Dec 24, 2020.
             Got out of the dungeon alive.
             The game lasted 00:01:10 (497 turns).

vvl the Skirmisher (Demonspawn Fighter)              Turns: 497, Time: 00:01:11

Health: 24/24      AC:  6    Str: 16    XL:     2   Next: 3%
Magic:  2/2        EV:  6    Int:  9    God:
Gold:   50         SH:  8    Dex: 12    Spells: 1/1 levels left

rFire    . . .     SeeInvis .   a - +0 long sword
rCold    . . .     Faith    .   c - +0 kite shield
rNeg     . . .     Spirit   .   b - +0 scale mail
rPois    .         Reflect  .   (no helmet)
rElec    .         Harm     .   (no cloak)
rCorr    .         Rampage  .   (no gloves)
Will     .....                  (no boots)
Stlth    ..........             (no amulet)
HPRegen  0.08/turn              (no ring)
MPRegen  0.08/turn              (no ring)

@: no status effects
A: claws 1
a: no special abilities


You escaped.
You visited 1 branch of the dungeon, and saw 1 of its levels.

You collected 50 gold pieces.

Inventory:

Hand Weapons
 a - a +0 long sword (weapon)
Armour
 b - a +0 scale mail (worn)
 c - a +0 kite shield (worn)
Scrolls
 f - a scroll of identify {unknown}
 g - 2 scrolls of fear {unknown}
Potions
 d - a potion of might
 e - a potion of degeneration {unknown}


   Skills:
 + Level 3.0 Fighting
 * Level 2.1 Long Blades
 + Level 2.7 Armour
 + Level 2.8 Shields
 + Level 0.4 Necromancy


You had one spell level left.
You didn't know any spells.
Your spell library was empty.

Dungeon Overview and Level Annotations

Branches:
Dungeon (1/15)

Altars:


Innate Abilities, Weirdness & Mutations

You have sharp fingernails.


Message History

Things that are here:
a rat corpse; a frilled lizard corpse
Found a stone staircase leading down.
A giant cockroach comes into view.
Found a scroll labelled RUUNTE DURGHAIKITZO.
A giant cockroach is nearby!
The giant cockroach barely misses you.
You riposte.
Your scale mail prevents you from hitting the giant cockroach.
You block the giant cockroach's attack.
You closely miss the giant cockroach.
The giant cockroach bites you but does no damage.
You slash the giant cockroach!
You kill the giant cockroach!
You have reached level 2!
Your demonic ancestry asserts itself...
Your fingernails lengthen.
There is a staircase leading out of the dungeon here.
You can't go down here!
Are you sure you want to leave the Dungeon?
This will make you lose the game!
You have escaped!

... ...# .#..##..#
.#..##..# #..
....##..# #.#######
....##..# #.#.....#
..#.##..# #.#.....#
........###.#..##.#
.†#.......#.#..#@.#
..#.#####.#.#..#..#
....#####.#.##.#.##
..#.##.........#..
..#.##.##.#....#..
..#.##.##.#....####
.>........#.#.....
..####..###.#.#..#
........# ....#..#


There were no monsters in sight!

Vanquished Creatures
  A giant cockroach (D:1)
  2 hobgoblins (D:1)
  2 bats (D:1)
  2 frilled lizards (D:1)
  3 rats (D:1)
10 creatures vanquished.

Notes
Turn   | Place    | Note
-------+----------+-------------------------------------------
     0 | D:1      | vvl the Demonspawn Fighter began the quest for the Orb.
     0 | D:1      | Reached XP level 1. HP: 18/18 MP: 1/1
   475 | D:1      | Gained mutation: You have sharp fingernails. [demonic
                  | ancestry]
   475 | D:1      | Reached XP level 2. HP: 24/24 MP: 2/2
   497 | D:$      | Got out of the dungeon alive.

Illustrated notes

Levels and vault maps discovered:
D:1:      ebering_hopf_link, layout_loops_cross

Skill      XL: |  1 |
---------------+----+-----
Long Blades    | 2 |  2.1
Fighting       | |  3.0
Armour         | |  2.7
Shields        | |  2.8
Necromancy     | |  0.4

Action                   || total
-------------------------++-------
Melee: Long sword        ||    31
Armor: Scale mail        ||    19
Dodge: Dodged            ||     7
Block: Kite shield       ||    18
       Rpst.: Long sword ||     2

Table legend: (Time is in decaauts)
 A = Elapsed time spent in this place.
 B = Non-inter-level travel time spent in this place.
 C = Inter-level travel time spent in this place.
 D = Time resting spent in this place.
 E = Time spent auto-exploring this place.
 F = Levels seen in this place.
 G = Mean time per level.
                   A        B        C        D        E       F      G
               +--------+--------+--------+--------+--------+-----+--------+
         Total |    508 |    487 |     21 |      0 |    417 |   1 |  508.0 |
       Dungeon |    508 |    487 |     21 |      0 |    417 |   1 |  508.0 |
               +--------+--------+--------+--------+--------+-----+--------+

Top non-repeatable levels by time:
     D:1: 508 daAuts
